 Dungeon Crawl Stone Soup version 0.29.0-4-gdea44cf6ec (webtiles) character file.

Game seed: 6650110233574580239

28 qw the Chopper (level 3, 0/21 HPs)
             Began as a Tengu Warper on Aug 28, 2022.
             Slain by a gnoll
             ... wielding a +0 flail
              (6 damage)
             ... on level 2 of the Dungeon.
             The game lasted 00:00:05 (999 turns).

qw the Chopper (Tengu Warper)                        Turns: 999, Time: 00:00:05

Health: 0/21       AC:  5    Str: 13    XL:     3   Next: 12%
Magic:  7/7        EV: 11    Int: 13    God:
Gold:   0          SH:  0    Dex: 13    Spells: 6/6 levels left

rFire   . . .      SeeInvis .   Y - +0 hand axe
rCold   . . .      Faith    .   (no shield)
rNeg    . . .      Spirit   .   d - +0 ring mail
rPois   .          Reflect  .   (helmet restricted)
rElec   .          Harm     .   (no cloak)
rCorr   .          Rampage  .   (no gloves)
Will    .....                   (boots unavailable)
Stlth   +.........              (no amulet)
HPRegen 0.07/turn               (no ring)
MPRegen 0.10/turn               (no ring)

@: lethally poisoned (0 -> -7), weak-willed
A: beak, talons 3
a: no special abilities


You were on level 2 of the Dungeon.
You visited 1 branch of the dungeon, and saw 2 of its levels.


Innate Abilities, Weirdness & Mutations

You have a beak for a mouth.
You have claws for feet.


   Skills:
 - Level 2.0 Fighting
 + Level 3.9 Axes
 - Level 1.0 Throwing
 - Level 1.1 Armour
 - Level 2.1 Dodging
 - Level 2.0 Spellcasting
 - Level 2.4 Translocations


You had 6 spell levels left.
You didn't know any spells.
Your spell library contained the following spells:

 Spells                   Type           Power      Damage    Failure   Level
 Blink                    Tloc           14%        N/A       30%         2
 Gell's Gravitas          Tloc           7%         N/A       52%         3
 Lesser Beckoning         Tloc           7%         N/A       52%         3
 Teleport Other           Tloc           7%         N/A       52%         3
 Manifold Assault         Tloc           7%         N/A       99%         5

Inventory:

Hand Weapons
 e - a +0 club
 Y - a +0 hand axe (weapon)
Armour
 d - a +0 ring mail (worn)

Dungeon Overview and Level Annotations

Branches:
Dungeon (2/15)

Altars:


Message History

The goblin misses you.
You hit the goblin.
You kill the goblin!
You hit the adder. You hit the giant cockroach. The adder bites you.
The giant cockroach closely misses you. The adder closely misses you.
You closely miss the giant cockroach. Your kick misses the giant cockroach.
You peck the giant cockroach, but do no damage.
The giant cockroach is almost dead.
You hit the adder but do no damage.
The giant cockroach bites you but does no damage.
The adder closely misses you. The giant cockroach barely misses you.
You closely miss the giant cockroach.
The giant cockroach is almost dead.
You hit the gnoll. You barely miss the gnoll. You barely miss the adder.
The adder bites you.
You are poisoned.
The adder poisons you!
The giant cockroach bites you but does no damage.
The gnoll hits you but does no damage. The gnoll closely misses you.
You closely miss the giant cockroach. You claw the giant cockroach.
You kill the giant cockroach!
You hit the gnoll. You closely miss the gnoll. You barely miss the adder.
You feel sick. The adder bites you but does no damage.
The gnoll barely misses you.
The gnoll hits you from afar with a +0 spear.
The gnoll misses you. The adder bites you.
You are lethally poisoned!
The adder poisons you!
You closely miss the adder. Your kick misses the adder.
The adder is heavily wounded.
You hit the gnoll. x2
You feel very sick. The adder bites you but does no damage.
The gnoll barely misses you. x2
The adder misses you.
You barely miss the adder. You claw the adder.
You kill the adder!
You hit the gnoll but do no damage. You hit the gnoll.
You feel sick. The gnoll barely misses you. The gnoll hits you with a +0 flail.
You die...

. .#######
.......##
.######........
...............
...............
.......gg......
......%@.g.....
.......<.......
...............
.......########
....... .......
#######


You could see 3 gnolls.

Vanquished Creatures
  An adder (D:2)
  A ball python (D:1)
  3 bats (D:1)
  4 endoplasms (D:1)
  3 giant cockroaches
  4 goblins
  A hobgoblin (D:1)
  3 jackals (D:1)
  A quokka (D:1)
  A frilled lizard (D:1)
  A kobold (D:1)
23 creatures vanquished.

Notes
Turn   | Place    | Note
-------+----------+-------------------------------------------
     0 | D:1      | qw the Tengu Warper began the quest for the Orb.
     0 | D:1      | Reached XP level 1. HP: 12/12 MP: 4/4
     0 | D:1      | 0 ||| qw: Version: 0.1-a-89-g26bdef1
     0 | D:1      | 0 ||| qw: Game counter: 852
     0 | D:1      | 0 ||| qw: Always use a shield: true
     0 | D:1      | 0 ||| qw: God list: Okawaru
     0 | D:1      | 0 ||| qw: Allow faded altars: false
     0 | D:1      | 0 ||| qw: Do Orc after D:15 true
     0 | D:1      | 0 ||| qw: Do second Lair branch before Depths: true
     0 | D:1      | 0 ||| qw: Lair rune preference: random
     0 | D:1      | 0 ||| qw: Plans: Normal
     0 | D:1      | 0 ||| PLANNING D:1-11
   180 | D:1      | Reached XP level 2. HP: 17/17 MP: 6/6
   250 | D:1      | Found a faded altar of an unknown god.
   256 | D:1      | Reached skill level 3 in Axes
   305 | D:1      | 305 ||| Stepping ~*~*~tactically~*~*~ (stealth).
   706 | D:1      | 706 ||| Stepping ~*~*~tactically~*~*~ (stealth).
   772 | D:1      | Reached XP level 3. HP: 15/21 MP: 7/7
   960 | D:1      | 960 ||| UPGRADING to +0 ring mail.
   970 | D:1      | 970 ||| DROPPING +0 leather armour.
   971 | D:1      | 971 ||| READING scroll labelled AZXIAS ARYSEPN.
   972 | D:1      | 972 ||| READING scroll labelled ZOUTILLISM.
   973 | D:1      | 973 ||| READING scroll labelled QIAPSA WOIXTY.
   974 | D:1      | 974 ||| DROPPING scroll of blinking.
   999 | D:2      | Slain by a gnoll

Levels and vault maps discovered:
D:1:      saegor_arrival_simple_e, layout_basic,
          dreamdust_ecumenical_altar_statues
D:2:      layout_basic, serial_shops, nicolae_shop_advertising_works
          [nicolae_subvault_shop_adworks], kennysheep_nondescript,
          uniq_crazy_yiuf_cottage

Skill      XL: |  1  2 |
---------------+-------+-----
Axes           | 3 |  3.9
Fighting       | |  2.0
Throwing       | |  1.0
Armour         | |  1.1
Dodging        | |  2.1
Spellcasting   | |  2.0
Translocations | |  2.4

Action                   || total
-------------------------++-------
Melee: Hand axe          ||    48
       Peck              ||     6
       Kick              ||     6
       Punch             ||     1
Throw: Boomerang         ||     7
  Use: Scroll            ||     3
Armor: Leather armour    ||     7
       Ring mail         ||     5
Dodge: Dodged            ||    33

Table legend:
 A = Non-vault XP
 B = Vault XP
 C = Vault XP percentage of total XP
 D = Non-vault monster count
 E = Vault monster count
 F = Vault count percentage of total count
                 A         B        C        D         E       F
            +---------+---------+-------+---------+---------+-------
      Total |      53 |       0 |   0.0 |      23 |       0 |   0.0
            +---------+---------+-------+---------+---------+-------
        D:1 |      36 |       0 |   0.0 |      20 |       0 |   0.0
        D:2 |      17 |       0 |   0.0 |       3 |       0 |   0.0
            +---------+---------+-------+---------+---------+-------
